drae, chaotic female elven Wizard --------------- #)......%.......` ----------- ------------ ###|............)|##%%########*...>......| |...(......-# # |...).........-# |.........| |..........|# ### |............(|# |.......#.| |..........|# # -.-----|-------# #..........| |..........|# ### ######## # ###|.........| ------.-----### # # # # |.........| # ### ######## ## # ### ---|--.---- ### # ### -.---------.-- # # # # # ### # |............| # ### # # # ###|............| # # # # ### #..........`..| # ----# #*# # # |............| # ...|# # ------------### |............| # ...-# -|--------- |........<.-* -------------- #|.*.| |@........| |..........| #-...| |/f!.[!.=[| |..........-######## |...| |@..[.%..=| ------------ ----- ----------- drae the Conjurer Experience level: 4 Strength: 11 Dexterity: 11 Constitution: 14 Intelligence: 20 Wisdom: 10 Charisma: 10 Health: 30(30) Energy: 38(38) Def: 1 Gold: 0 Moves: 1573 Dungeon seed: hg0HCWaHDg3wjX7l Game ID: drae_1464278690 Your Inventory: Weapons a - a blessed +1 quarterstaff (weapon in hands) Armor e - an uncursed +0 cloak of magic resistance (being worn) Scrolls i - 2 uncursed scrolls of remove curse j - an uncursed scroll of magic mapping t - an uncursed scroll of enchant armor y - an uncursed scroll of confuse monster Spellbooks k - a blessed spellbook of force bolt l - an uncursed spellbook of detect food Potions f - 2 uncursed potions of healing g - a blessed potion of blindness h - an uncursed potion of gain energy r - 2 uncursed potions of enlightenment Rings c - an uncursed +1 ring of protection d - an uncursed ring of protection from shape changers s - an uncursed ring of conflict Wands b - an uncursed wand of create monster (0:15) x - an uncursed wand of slow monster (0:7) Tools m - an uncursed wooden flute u - an uncursed lock pick Spells and supernatural/magical abilities: Name Level Category Fail Memory a - force bolt 1 attack 0% 93% E - detect food 2 divination 39% 93% W - pray for help -- divine ? -- Your skills at the end: Fighting Skills Weapon Skills quarterstaff [Basic] Spellcasting Skills attack spells [Basic] enchantment spells [Basic] Final Attributes: You were piously aligned. You were sleep resistant. You were magic-protected. You had infravision. You survived. Vanquished creatures: a shrieker an acid blob a coyote 2 hobbits a giant rat a yellow mold a red mold 2 geckos a jackal 2 kobolds 2 grid bugs 3 bats 6 lichens a newt 25 creatures vanquished. Voluntary challenges: You were an atheist. You used a wielded weapon 21 times, starting on turn 148. You read items or engraved 2 times, starting on turn 1545. You never genocided any monsters. You never polymorphed an object. You never changed form. You used no wishes. You never split a pudding. You wrote Elbereth's name 2 times, starting on turn 1545. You never violated your personal moral code. Dungeon overview: The Dungeons of Doom: levels 1 to 2 Level 1 a long staircase Level 2 <- You were here a general store, a sink History has recorded: On T:1 you entered the Dungeons of Doom to retrieve the Amulet of Yendor! On T:178 you reached level 2 of The Dungeons of Doom. On T:564 you advanced to experience level 2. On T:848 you advanced to experience level 3. On T:1235 you advanced to experience level 4. Score breakdown: Gold: 0 ( 0 points) Experience: 4 levels ( 9649 points) Exploration: 2 levels ( 4.17%) ( 4375 points) Discoveries: 2 items ( 0.72%) ( 2549 points) Valuables value: (no points given unless you survive) Artifact value: 0 ( 0 points) Variety of kills: 14 monsters ( 3.67%) ( 5750 points) Turncount: 1573 turns ( 0 points) Survival: quit (score multiplied by 90%) Total score: 20090 Latest messages: w - an aluminum wand (unpaid, 133 zorkmids). You don't have that object. You don't have that object. You don't have that object. You don't have that object. You don't have that object. You don't have that object. You don't have that object. Never mind. Angmagssalik comes and takes all your possessions. Final status: Goodbye drae the Wizard, quit... You quit in The Dungeons of Doom on dungeon level 2 with 20090 points, and 0 pieces of gold, after 1573 moves. You were level 4 with a maximum of 30 hit points when you quit.